 Dungeon Crawl Stone Soup version 0.21.1-1-g345015fe64 (webtiles) character file.

142 Brecoman the Chopper (level 5, -3/41 HPs)
             Began as a Formicid Abyssal Knight on June 21, 2018.
             Was a Priest of Lugonu.
             Slain by a gnoll (6 damage)
             ... on level 2 of the Dungeon.
             The game lasted 00:10:30 (2494 turns).

Brecoman the Chopper (Formicid Abyssal Knight)      Turns: 2494, Time: 00:10:31

Health: -3/41      AC:  5    Str: 17    XL:     5   Next: 50%
Magic:  5/7        EV: 11    Int: 12    God:    Lugonu [***...]
Gold:   85         SH:  0    Dex: 10    Spells: 4/4 levels left

rFire    . . .     SeeInvis +   m - -3 war axe (curse)
rCold    . . .     Gourm    .   (no shield)
rNeg     . . .     Faith    +   b - +1 leather armour
rPois    .         Spirit   .   (helmet unavailable)
rElec    .         Reflect  .   (no cloak)
rCorr    .         Harm     .   l - +0 pair of gloves {archery}
MR       .....                  (no boots)
Stlth    +.........             d - amulet of faith
HPRegen  0.13/turn              (no ring)
MPRegen  0.10/turn              (no ring)

@: no status effects
A: permanent stasis, dig shafts and tunnels, four strong arms, antennae 3
a: Dig, Shaft Self, Depart the Abyss, Bend Space, Banish, Renounce Religion


You were on level 2 of the Dungeon.
You worshipped Lugonu.
Lugonu was most pleased with you.
You were very hungry.

You visited 1 branch of the dungeon, and saw 3 of its levels.
You visited the Abyss 1 time.

You collected 85 gold pieces.

Inventory:

Hand Weapons
 a - a +1 hand axe
 m - a cursed -3 war axe (weapon)
Missiles
 g - 45 stones (quivered)
 n - 11 tomahawks
Armour
 b - a +1 leather armour (worn)
 l - a +0 pair of gloves of archery (worn)
Jewellery
 d - an amulet of faith (around neck)
 e - a +2 amulet of reflection {unknown}
Wands
 f - a wand of flame (11)
Scrolls
 h - a scroll of teleportation
 i - a scroll of amnesia
Potions
 j - a potion of lignification
 k - 2 potions of curing
 o - a potion of ambrosia {unknown}
 p - a potion of agility {unknown}
Comestibles
 c - 4 rations


   Skills:
 - Level 3.2 Fighting
 * Level 4.3 Axes
 + Level 1.0 Throwing
 - Level 2.1 Armour
 - Level 0.8 Dodging
 + Level 3.8 Invocations


You had 4 spell levels left.
You didn't know any spells.

Dungeon Overview and Level Annotations

Branches:
Dungeon (3/15)

Altars:
Makhleb


Innate Abilities, Weirdness & Mutations

You cannot be hasted, slowed, berserked, paralysed or teleported.
You can dig through walls and to a lower floor.
Your four strong arms can wield two-handed weapons with a shield.
You have a pair of large antennae on your head. (SInv)


Message History

The bat misses you. The bat barely misses you. The bat barely misses you.
Your leather armour prevents you from hitting the bat.
The bat hits you but does no damage. The bat barely misses you. x2
You hit the bat.
You kill the bat!
Lugonu accepts your kill.
You can now banish your foes.
The gnoll hits you from afar with a halberd.
* * * LOW HITPOINT WARNING * * *
The leopard gecko bites you but does no damage.
Space bends around you!
You blink.
The gnoll closely misses you.
You barely miss the gnoll.
The gnoll is lightly wounded.
You closely miss the gnoll. The gnoll barely misses you.
The gnoll hits you but does no damage. The gnoll hits you.
* * * LOW HITPOINT WARNING * * *
Space bends around you!
You blink.
Space bends around you!
You blink.
The gnoll hits you.
You die...

..#.# ....# #'############
.............#
.............# #####
.............# #...#
.............####.#.#######
..(...#######..g.g..ยง.....#
#.##### #..g..l@.#########
..# #.##.###.# ..#
#.##.###.#
..########{##.....#
..)...........###.#
..#....###g##.# #.# .>#.##.#
#{#### #.# ..#.##.# #l# #.#
....##.# #.# #.#


You could see 3 gnolls and a leopard gecko.

Vanquished Creatures
  A worker ant (D:3)
  4 adders
  A gnoll (D:2)
  A worm (D:3)
  2 dart slugs (D:3)
  A leopard gecko (D:3)
  11 orcs (D:3)
  6 bats
  4 giant cockroaches (D:3)
  4 goblins
  6 hobgoblins (D:3)
  3 kobolds
  A quokka (D:2)
  2 frilled lizards
  6 rats
53 creatures vanquished.

Notes
Turn   | Place    | Note
-------+----------+-------------------------------------------
     0 | Abyss:1  | Brecoman the Formicid Abyssal Knight began the quest for the Orb.
     0 | Abyss:1  | Reached XP level 1. HP: 18/18 MP: 2/2
    34 | D:1      | Escaped the Abyss
   253 | D:1      | You fall through a shaft!
   258 | D:2      | Reached XP level 2. HP: 24/24 MP: 3/3
   289 | D:2      | Found a burning altar of Makhleb.
   763 | D:2      | Reached skill level 3 in Axes
   763 | D:2      | Reached XP level 3. HP: 22/29 MP: 3/5
   775 | D:2      | Reached ** piety under Lugonu
   908 | D:3      | Reached XP level 4. HP: 30/35 MP: 6/6
  1542 | D:3      | Reached skill level 4 in Axes
  1579 | D:3      | Reached XP level 5. HP: 10/41 MP: 7/7
  2432 | D:2      | Reached skill level 1 in Throwing
  2474 | D:2      | Reached *** piety under Lugonu
  2494 | D:2      | Slain by a gnoll

Skill      XL: |  1  2  3  4  5 |
---------------+----------------+-----
Axes           | 3 4 |  4.3
Invocations    | 3 |  3.8
Throwing       | 1 |  1.0
Fighting       | |  3.2
Armour         | |  2.1
Dodging        | |  0.8

Action                   |  1- 3 |  4- 6 || total
-------------------------+-------+-------++-------
Melee: Hand axe          |    48 |   106 ||   154
       War axe           |       |    11 ||    11
Invok: Bend Space        |       |     5 ||     5
  Use: Scroll            |       |     7 ||     7
  Eat: Chunk             |       |     4 ||     4
Armor: Leather armour    |    13 |    31 ||    44
Dodge: Dodged            |    63 |    77 ||   140
